 Dungeon Crawl Stone Soup version 0.28.0 (webtiles) character file.

Game seed: 8593048774391500015

171 sanka the Magician (level 5, -2/28 HPs)
             Began as a Deep Elf Transmuter on Feb 8, 2022.
             Splashed by a jelly's acid (3 damage)
             ... on level 4 of the Dungeon.
             The game lasted 00:04:34 (3998 turns).

sanka the Magician (Deep Elf Transmuter)            Turns: 3998, Time: 00:04:35

Health: -2/28      AC: -2    Str:  7    XL:     5   Next: 26%
Magic:  14/16      EV: 20    Int: 20    God:
Gold:   147        SH:  0    Dex: 20    Spells: 10/18 levels left

rFire   . . .      SeeInvis .     - Unarmed
rCold   . . .      Faith    .   (shield currently unavailable)
rNeg    . . .      Spirit   .   (armour currently unavailable)
rPois   x          Reflect  .   (helmet currently unavailable)
rElec   .          Harm     .   (cloak currently unavailable)
rCorr   .          Rampage  .   (gloves currently unavailable)
Will    .....                   (boots currently unavailable)
Stlth   ++........              (no amulet)
HPRegen 0.09/turn               (no ring)
MPRegen 0.15/turn               (no ring)

@: spider-form (expiring), corroded
A: venomous fangs, tiny
a: End Transformation


You were on level 4 of the Dungeon.
You were a venomous arachnid creature.
You visited 1 branch of the dungeon, and saw 4 of its levels.

You collected 147 gold pieces.

Inventory:

Armour
 a - a +0 robe (melded)
Wands
 d - a wand of mindburst (17)
 i - a wand of paralysis (7)
Scrolls
 e - a scroll of identify {unknown}
 f - a scroll of summoning {unknown}
 g - a scroll of enchant weapon {unknown}
 k - 2 scrolls of amnesia {unknown}
 m - a scroll of acquirement {unknown}
Potions
 b - a potion of ambrosia {unknown}
 c - a potion of curing {unknown}
 h - a potion of heal wounds {unknown}
 j - 2 potions of degeneration {unknown}
 l - a potion of flight {unknown}


   Skills:
 - Level 0.7 Fighting
 - Level 2.4 Dodging
 - Level 2.4 Unarmed Combat
 - Level 7.0 Spellcasting
 + Level 1.2 Conjurations
 + Level 1.5 Hexes
 - Level 2.1 Transmutations


You had 10 spell levels left.
You knew the following spells:

 Your Spells              Type           Power      Damage    Failure   Level
a - Beastly Appendage     Tmut           30%        N/A       12%         1
b - Spider Form           Tmut/Pois      11%        N/A       38%         3
c - Fulminant Prism       Conj/Hex       6%         3d7       69%         4

Your spell library contained the following spells:

 Spells                   Type           Power      Damage    Failure   Level
 Wereblood                Tmut           15%        N/A       17%         2
 Animate Skeleton         Necr           14%        N/A       24%         1
 Pain                     Necr           28%        1d5       24%         1
 Vampiric Draining        Necr           7%         2d6       50%         3
 Ice Form                 Ice/Tmut       11%        N/A       73%         4
 Iskenderun's Mystic Bla  Conj/Tloc      9%         2d4       78%         4
 Lee's Rapid Deconstruct  Erth           3%         3d6*      99%         5


Dungeon Overview and Level Annotations

Branches:
Dungeon (4/15)
 Temple: D:4-7

Altars:


Message History

Your +0 robe melds into your body.
The jelly jiggles.
Things that are here:
a +0 dagger; a goblin corpse; a howler monkey corpse You hit the jelly.
The acid corrodes you!
Your front legs burn!
The jelly is moderately wounded.
The jelly closely misses you.
You hit the jelly.
Your front legs burn!
The jelly is moderately wounded.
The jelly barely misses you.
You hit the jelly.
Your front legs burn!
The jelly is heavily wounded.
Your transformation is almost over.
The jelly closely misses you.
You hit the jelly.
Your front legs burn!
The jelly is heavily wounded.
The jelly hits you.
You are splashed with acid.
You hit the jelly but do no damage.
Your front legs burn!
* * * LOW HITPOINT WARNING * * *
The jelly is heavily wounded.
The jelly misses you.
Aiming: Paralyse
Press: ? - help, Shift-Dir - straight line, f - jelly
Aim: a jelly (heavily wounded, chance to affect: 57%)
The jelly suddenly stops moving!
You are too injured to fight recklessly!
You are too injured to fight recklessly!
You are too injured to fight recklessly!
You are too injured to fight recklessly!
The helpless jelly fails to defend itself.
You hit the jelly.
The jelly is poisoned.
Your front legs burn!
* * * LOW HITPOINT WARNING * * *
The jelly is heavily wounded.
The helpless jelly fails to defend itself.
You hit the jelly.
Your front legs burn!
* * * LOW HITPOINT WARNING * * *
The jelly is severely wounded.
The helpless jelly fails to defend itself.
You hit the jelly.
Your front legs burn!
You die...

#####
#######<..#####
..............#
#######(..#....
#.....##.
#s......#
######J..###..
#.[.)..### #
#...######
#....## #.....
....... ####..J
#...


You could see a jelly (paralysed, very poisoned).

Vanquished Creatures
  A howler monkey (D:4)
  An iguana (D:3)
  3 adders (D:2)
  A worm (D:3)
  2 dart slugs
  An orc (D:4)
  6 ball pythons
  9 bats
  3 endoplasms
  A giant cockroach (D:4)
  5 goblins
  9 hobgoblins
  10 jackals
  5 kobolds
  3 quokkas
  4 frilled lizards
  A rat (D:1)
65 creatures vanquished.

Notes
Turn   | Place    | Note
-------+----------+-------------------------------------------
     0 | D:1      | sanka the Deep Elf Transmuter began the quest for the Orb.
     0 | D:1      | Reached XP level 1. HP: 11/11 MP: 6/6
   144 | D:1      | Reached skill level 4 in Spellcasting
   144 | D:1      | Reached XP level 2. HP: 14/16 MP: 7/9
  1716 | D:2      | Reached XP level 3. HP: 18/20 MP: 11/11
  1729 | D:2      | Reached skill level 5 in Spellcasting
  1870 | D:2      | Learned a level 3 spell: Spider Form
  2354 | D:2      | Reached XP level 4. HP: 14/24 MP: 13/13
  2555 | D:2      | Reached skill level 6 in Spellcasting
  3116 | D:3      | Found a faded altar of an unknown god.
  3207 | D:3      | Learned a level 4 spell: Fulminant Prism
  3761 | D:4      | Reached skill level 7 in Spellcasting
  3761 | D:4      | Reached skill level 1 in Conjurations
  3761 | D:4      | Reached skill level 1 in Hexes
  3761 | D:4      | Reached XP level 5. HP: 16/28 MP: 12/16
  3997 | D:4      | HP: 1/28 [acid (5)]
  3998 | D:4      | Splashed by a jelly's acid

Illustrated notes

Levels and vault maps discovered:
D:1:      roderic_crossed_star, layout_basic
D:2:      layout_basic
D:3:      layout_rooms, ebering_ecumenical_altar_rust,
          minmay_misc_feat_more_columns
D:4:      layout_rooms

Skill      XL: |  1  2  3  4 |
---------------+-------------+-----
Spellcasting   | 4 5 7 |  7.0
Conjurations   | 1 |  1.2
Hexes          | 1 |  1.5
Fighting       | |  0.7
Dodging        | |  2.4
Unarmed Combat | |  2.4
Transmutations | |  2.1

Action                   |  1- 3 |  4- 6 || total
-------------------------+-------+-------++-------
Melee: Unarmed           |   112 |    89 ||   201
       Kick              |    28 |    17 ||    45
       Headbutt          |    13 |    12 ||    25
       Punch             |     1 |     1 ||     2
 Cast: Beastly Appendage |    25 |    19 ||    44
       Spider Form       |       |     2 ||     2
Evoke: Wand              |       |     2 ||     2
 Stab: Sleeping          |     1 |       ||     1
       Paralysed         |       |     3 ||     3
Armor: Robe              |    36 |     9 ||    45
Dodge: Dodged            |    82 |    64 ||   146
